Map: Whispers of Gold

Players

Mikhail

  • Race: Terran Terran
  • League: Gold
  • Spawn Location: 9:00

GangusKaun - Winner!

  • Race: Protoss Protoss
  • League: Gold
  • Spawn Location: 5:00

VOD

Have the link to the VOD?

Description

Time

  • Played on: Dec. 29, 2024, 11:40 a.m.
  • Length: 8:32
Show
View Real Time Build Order
Export as new Build Order

Mikhail Terran 

Build Orders:  

Get SALT Encoding   

  12  0:18  SCV  
  13  0:28  Supply Depot  
  13  0:30  SCV  
  14  0:51  Barracks  
  14  0:52  Barracks  
  14  0:57  Refinery  
  14  1:01  Refinery  
  14  1:04  SCV  
  15  1:25  Barracks  
  15  1:29  SCV  
  16  1:38  Supply Depot  
  17  1:47  Reaper  
  17  1:54  Reaper  
  18  2:02  SCV  
  19  2:18  Supply Depot  
  19  2:21  Reaper  
  20  2:26  Reaper  
  21  2:43  Factory  
  21  2:46  SCV  
  22  2:53  Reaper  
  23  3:24  Reaper  
  24  3:31  Orbital Command, Starport  
  24  3:32  Factory Tech Lab  
  21  4:08  Reaper x2  
  21  4:09  Reaper  
  21  4:54  Cyclone  
  21  4:56  Liberator  
  27  5:07  SCV  
  28  5:12  Command Center  
  25  5:50  Marine x2, Barracks Tech Lab  
  25  5:54  Liberator  
  25  5:56  SCV  
  31  5:58  Siege Tank  
  34  6:04  Supply Depot  
  34  6:07  Factory  
  34  6:12  Marine  
  34  6:13  Marine  
  36  6:24  Command Center  
  36  6:30  Siege Tank  
  36  6:32  Stimpack  
  39  6:33  SCV  
  40  6:49  SCV  
  41  7:02  Siege Tank  
Show
View Real Time Build Order
Export as new Build Order

GangusKaun Protoss - Winner!

Build Orders:  

Get SALT Encoding   

  12  0:17  Pylon, Probe  
  13  0:29  Probe  
  14  0:37  Gateway  
  14  0:41  Probe  
  15  0:44  Assimilator  
  15  0:53  Probe  
  16  1:01  Probe  
  17  1:12  Probe  
  18  1:34  Cybernetics Core  
  18  1:36  Probe  
  19  1:50  Nexus  
  19  1:53  Pylon, Probe  
  20  2:01  Adept  
  20  2:03  Assimilator  
  20  2:06  Probe  
  21  2:15  Warp Gate  
  23  2:18  Probe  
  24  2:28  Adept  
  24  2:29  Shield Battery  
  24  2:30  Probe  
  27  2:42  Probe  
  28  2:54  Probe  
  29  3:00  Twilight Council  
  28  3:06  Probe  
  28  3:10  Adept  
  29  3:18  Probe  
  32  3:29  Pylon  
  32  3:40  Robotics Facility, Stalker  
  32  3:41  Pylon  
  32  4:01  Probe x2  
  33  4:38  Probe x2  
  35  4:57  Probe x2  
  37  5:03  Gateway  
  37  5:06  Gateway  
  37  5:09  Assimilator, Stalker  
  39  5:14  Pylon  
  39  5:16  Pylon  
  39  5:24  Dark Shrine  
  39  5:45  Blink  
  39  5:46  Warp Prism  
  41  6:05  Forge, Gateway  
  41  6:10  Pylon, Probe x2  
  43  6:21  Shield Battery  
  43  6:22  Probe x2  
  45  6:30  Assimilator  
  45  6:32  Pylon, Stalker x3  
  51  6:34  Probe x2  
  53  6:41  Shield Battery  
  53  6:46  Probe x2  
  55  6:58  Probe x2  
  55  7:00  Dark Templar x3  
  55  7:01  Dark Templar  
  51  7:21  Photon Cannon  
  50  7:25  Photon Cannon  
  50  7:28  Photon Cannon  
  48  7:43  Probe x2  
  49  7:52  Photon Cannon  
  49  7:55  Photon Cannon  
  49  7:59  Dark Templar x2  
  51  8:19  Stalker x2  
Tags
 
Add a new tag
Caveats
  • Supply blocks, unpowered buildings, or Contaminate may cause inaccurate times.
  • Supply counts are checked every 10 seconds.